 Dungeon Crawl Stone Soup version 0.28-a0-1233-g92def6ad0a (webtiles) character file.

Game seed: 15618997735325520361

53 Lekart the Skirmisher (level 3, 0/33 HPs)
             Began as a Draconian Chaos Knight on Dec 23, 2021.
             Was a Plaything of Xom.
             Slain by a hound (2 damage)
             ... on level 3 of the Dungeon.
             The game lasted 00:01:28 (1913 turns).

Lekart the Skirmisher (Draconian Chaos Knight)      Turns: 1913, Time: 00:01:28

Health: 0/33       AC:  5    Str: 14    XL:     3   Next: 62%
Magic:  3/3        EV: 12    Int: 12    God:    Xom [..*...]
Gold:   127        SH:  0    Dex: 12    Spells: 2/2 levels left

rFire   . . .      SeeInvis .   a - +0 hand axe (chaos)
rCold   . . .      Faith    .   (no shield)
rNeg    . . .      Spirit   .   (armour unavailable)
rPois   .          Reflect  .   (helmet restricted)
rElec   .          Harm     .   (no cloak)
rCorr   .          Rampage  .   (no gloves)
Will    .....                   (no boots)
Stlth   +.........              (no amulet)
HPRegen 0.11/turn               (no ring)
MPRegen 0.08/turn               (no ring)

@: no status effects
A: AC +5, unfitting armour, cold-blooded
a: Renounce Religion


You were on level 3 of the Dungeon.
You worshipped Xom.
You were a toy of Xom.
You visited 1 branch of the dungeon, and saw 3 of its levels.

You collected 127 gold pieces.

Inventory:

Hand Weapons
 a - a +0 hand axe of chaos (weapon)
Scrolls
 b - a scroll of teleportation {unknown}
 c - a scroll of fear {unknown}
 d - a scroll of identify {unknown}
 e - 2 scrolls of holy word {unknown}
 f - a scroll of amnesia {unknown}
Potions
 g - a potion of degeneration {unknown}
 h - a potion of mutation {unknown}


   Skills:
 + Level 4.1 Fighting
 + Level 3.7 Axes
 + Level 2.6 Dodging


You had 2 spell levels left.
You didn't know any spells.
Your spell library contained the following spells:

 Spells                   Type           Power      Damage    Failure   Level
 Animate Skeleton         Necr           0%         N/A       32%         1
 Pain                     Necr           0%         1d4       32%         1
 Ensorcelled Hibernation  Hex/Ice        0%         N/A       45%         2
 Tukima's Dance           Hex            0%         N/A       69%         3
 Vampiric Draining        Necr           0%         2d6       69%         3


Dungeon Overview and Level Annotations

Branches:
Dungeon (3/15)

Altars:
Ashenzari


Innate Abilities, Weirdness & Mutations

Your plain brown scales are hard. (AC +5)
You cannot fit into any form of body armour.
You are cold-blooded and may be slowed by cold attacks.


Message History

You hit the hound.
The hound is moderately wounded.
The hound bites you but does no damage. The hound misses you.
A hound is nearby!
You closely miss the hound.
The hound is moderately wounded.
The hound barely misses you.
A hound is nearby!
You barely miss the hound.
The hound is moderately wounded.
The hound bites you but does no damage. The hound bites you.
A hound is nearby!
You hit the hound. You burn the hound.
You tail-slap the hound, but do no damage.
The hound is moderately wounded.
The hound bites you. The hound bites you but does no damage.
You are too injured to fight recklessly!
You are too injured to fight recklessly!
You are too injured to fight recklessly!
You barely miss the hound.
Your tail-slap misses the hound.
The hound is moderately wounded.
The hound barely misses you.
You hit the hound.
Your tail-slap misses the hound.
The hound is moderately wounded.
The hound barely misses you. The hound bites you.
You hit the hound. You freeze the hound.
The hound is severely wounded.
The hound bites you but does no damage. x2
You hit the hound.
The hound seems to grow stronger.
The hound is almost dead.
The hound bites you.
You closely miss the hound.
Your tail-slap misses the hound.
The hound is almost dead.
The hound bites you. The hound bites you!
* * * LOW HITPOINT WARNING * * *
You closely miss the hound.
The hound is almost dead.
The hound bites you.
You die... "Boring in life, boring in death..."

### ..# #.#
# #.# #.
#.# #.. #.#
#...#.##
#...h@<#
##........+
#.....####
##.#.##
#.### #. #


You could see a hound (strong).

Vanquished Creatures
  A worm (D:2)
  A dart slug (D:2)
  4 ball pythons
  6 bats
  5 endoplasms (D:1)
  2 giant cockroaches
  7 goblins
  5 hobgoblins
  3 quokkas
  2 kobolds (D:1)
  5 rats
41 creatures vanquished.

Notes
Turn   | Place    | Note
-------+----------+-------------------------------------------
     0 | D:1      | Lekart the Draconian Chaos Knight began the quest for the
                  | Orb.
     0 | D:1      | Reached XP level 1. HP: 19/19 MP: 1/1
   156 | D:1      | Reached XP level 2. HP: 25/26 MP: 2/2
   191 | D:1      | Found a faded altar of an unknown god.
   254 | D:1      | XOM: silly message
   506 | D:1      | XOM: smoke on damage
   746 | D:1      | XOM: divination: detect items
   780 | D:1      | Reached XP level 3. HP: 29/33 MP: 3/3
   972 | D:1      | XOM: silly message
  1253 | D:2      | Reached skill level 4 in Fighting
  1286 | D:2      | XOM: cloud trail
  1295 | D:2      | Found a broken altar of Ashenzari.
  1701 | D:2      | XOM: silly message
  1913 | D:3      | Slain by a hound

Illustrated notes

Levels and vault maps discovered:
D:1:      onia_arrival_pyramid, layout_basic,
          hellmonk_ecumenical_altar_crossroads, minivault_5
D:2:      layout_basic, basic_altar
D:3:      layout_loops_corners, uniq_grinder, uniq_sigmund,
          uniq_crazy_yiuf_cottage

Skill      XL: |  1  2  3 |
---------------+----------+-----
Fighting       | 4 |  4.1
Axes           | |  3.7
Dodging        | |  2.6

Action                   || total
-------------------------++-------
Melee: Hand axe          ||   146
       Tailslap          ||    10
 Stab: Confused          ||     1
       Sleeping          ||     1
Armor: Skin              ||    73
Dodge: Dodged            ||    95

Table legend: (Time is in decaauts)
 A = Elapsed time spent in this place.
 B = Non-inter-level travel time spent in this place.
 C = Inter-level travel time spent in this place.
 D = Time resting spent in this place.
 E = Time spent auto-exploring this place.
 F = Levels seen in this place.
 G = Mean time per level.
                   A        B        C        D        E       F      G
               +--------+--------+--------+--------+--------+-----+--------+
         Total |   1935 |   1894 |     41 |      0 |   1545 |   3 |  645.0 |
       Dungeon |   1935 |   1894 |     41 |      0 |   1545 |   3 |  645.0 |
               +--------+--------+--------+--------+--------+-----+--------+

Top non-repeatable levels by time:
     D:1: 1231 daAuts
     D:2: 688 daAuts
     D:3: 15 daAuts
